 Dungeon Crawl Stone Soup version 0.31-a0-965-g8a8ce12e04 (webtiles) character file.

Game seed: 7982442857712097607

47033 dialectric the Tortoise (level 14, -5/111 (116) HPs)
             Began as a Minotaur Fighter on Oct 26, 2023.
             Was an Initiate of Gozag.
             Slain by a fire elemental (12 damage)
             ... summoned by a deep elf pyromancer
             ... on level 1 of the Elven Halls on Oct 27, 2023.
             The game lasted 00:36:03 (21320 turns).

dialectric the Tortoise (Minotaur Fighter)         Turns: 21320, Time: 00:36:04

HP:   -5/111 (116)  AC: 23    Str: 27    XL:     14   Next: 7%
MP:   22/22         EV: 20    Int:  5    God:    Gozag
Gold: 2090          SH:  5    Dex: 17    Spells: 13/13 levels left

rFire   x . .        D - +9 great sword of Kismet {holy, MP+9}
rCold   . . .        (shield currently unavailable)
rNeg    . . .        H - +3 chain mail
rPois   +            (helmet restricted)
rElec   .            a - +0 cloak {rPois}
rCorr   .            t - +2 pair of gloves
SInv    +            (no boots)
Will    ++...        v - amulet of reflection Stlth
                     B - ring of see invisible
HPRegen 0.38/turn    F - ring of Okawaru's Castigation {rF- Will+ EV+5 Str+6 Dex+2}
MPRegen 0.18/turn

%: reflection
@: gold aura, lightly drained
A: horns 2, retaliatory headbutt, frail 1
a: Renounce Religion, Potion Petition, Call Merchant, Bribe Branch


You were on level 1 of the Elven Halls.
You worshipped Gozag.
Gozag was most pleased with you.
You visited 4 branches of the dungeon, and saw 19 of its levels.

You collected 5544 gold pieces.
You spent 3363 gold pieces at shops.
You paid 91 gold pieces to Gozag.

Inventory:

Hand Weapons
 c - a +6 scimitar of flaming
 d - a +3 short sword of venom
 D - the +9 great sword of Kismet (weapon) {holy, MP+9}
   (You bought it in a shop on level 2 of the Orcish Mines)

   MP+9:      It affects your magic capacity (+9).
Missiles
 n - a throwing net
 y - a curare-tipped dart (quivered)
Armour
 a - a +0 cloak of poison resistance (worn)
 g - a +0 cloak
 m - a +0 plate armour
 t - a +2 pair of gloves (worn)
 C - a +2 kite shield
 H - a +3 chain mail (worn)
Jewellery
 b - a +5 ring of evasion
 f - a ring of willpower
 s - an amulet of guardian spirit
 v - an amulet of reflection (around neck)
 w - a ring of poison resistance
 B - a ring of see invisible (left hand)
 F - the ring of Okawaru's Castigation (right hand) {rF- Will+ EV+5 Str+6 Dex+2}
   (You found it on level 3 of the Lair of Beasts)

   [ring of evasion]

   EV+5:      It affects your evasion (+5).
   Str+6:     It affects your strength (+6).
   Dex+2:     It affects your dexterity (+2).
   rF-:       It makes you vulnerable to fire.
   Will+:     It increases your willpower.
Wands
 j - a wand of charming (12)
 r - a wand of digging (7)
 A - a wand of acid (5)
 G - a wand of mindburst (21)
Scrolls
 h - 8 scrolls of identify
 k - a scroll of enchant armour
 o - a scroll of teleportation
 p - a scroll of blinking
 z - 3 scrolls of amnesia
Potions
 e - 3 potions of magic
 i - a potion of mutation
 l - 2 potions of brilliance
 q - 5 potions of enlightenment
 u - 2 potions of haste
 x - 3 potions of lignification
 E - 3 potions of attraction
 I - 2 potions of might


   Skills:
 + Level 13.3 Fighting
 + Level 12.5(13.7) Short Blades
 + Level 10.1(13.2) Long Blades
 - Level 1.3 Throwing
 + Level 19.4 Armour
 * Level 9.9 Dodging
 + Level 8.2 Shields
 - Level 0.2 Unarmed Combat
 + Level 1.6 Evocations


You had 13 spell levels left.
You didn't know any spells.
Your spell library contained the following spells:

 Spells                   Type           Power      Damage    Failure   Level
 Kiss of Death            Conj/Necr      0%         2d5       80%         1
 Slow                     Hex            0%         N/A       80%         1
 Sting                    Tmut/Pois      0%         1d3       80%         1
 Poisonous Vapours        Pois/Air       0%         N/A       91%         2
 Sublimation of Blood     Necr           0%         N/A       91%         2
 Wereblood                Tmut           0%         N/A       91%         2
 Confusing Touch          Hex            0%         N/A       99%         3
 Dazzling Flash           Conj/Hex       0%         N/A       99%         3
 Hailstorm                Conj/Ice       0%         3d3       99%         3
 Inner Flame              Hex/Fire       0%         N/A       99%         3
 Sigil of Binding         Hex            0%         N/A       99%         3
 Vampiric Draining        Necr           0%         2d6       99%         3
 Volatile Blastmotes      Fire/Tloc      0%         2d10      99%         3
 Dispel Undead            Necr           0%         3d6       100%        4
 Olgreb's Toxic Radiance  Pois           0%         N/A       100%        4
 Summon Ice Beast         Ice/Summ       0%         N/A       100%        4
 Vhi's Electric Charge    Tloc/Air       0%         N/A       100%        4
 Arcjolt                  Conj/Air       0%         1d10      100%        5
 Yara's Violent Unravell  Hex/Tmut       0%         3d3       100%        5
 Plasma Beam              Fire/Air       0%         2x1d10    100%        6
 Starburst                Conj/Fire      0%         6d3       100%        6
 Enfeeble                 Hex            0%         N/A       100%        7
 Summon Hydra             Summ           0%         N/A       100%        7
 Maxwell's Capacitive Co  Air            0%         ∞         100%        8
 Simulacrum               Ice/Necr       Unusable   N/A       N/A         6

Dungeon Overview and Level Annotations

Branches:
Dungeon (11/15)            Temple (0/1) D:5            Lair (5/5) D:8
 Shoals (0/4) Lair:3       Spider (0/4) Lair:3        Slime (0/5) Lair:5
    Orc (2/2) D:9             Elf (1/3) Orc:2

Altars:
Ashenzari
Cheibriados
Gozag
Hepliaklqana
Kikubaaqudgha
Makhleb
Nemelex Xobeh
Trog
Vehumet
Xom
Yredelemnul

Shops:
D:3 *   D:6 :   D:10 *   Orc:2 *[*(=   Elf:1 !


Innate Abilities, Weirdness & Mutations

You have a pair of horns on your head.
You reflexively headbutt those who attack you in melee.
You are frail. (-10% HP)


Message History

The deep elf elementalist gestures next to you while chanting.
The wall shatters!
The blast of rock fragments hits you!
The deep elf pyromancer mumbles some strange words.
The deep elf pyromancer blinks!
The deep elf pyromancer gestures at you while chanting.
The bolt of fire hits the fire elemental.
The fire elemental completely resists.
The bolt of fire hits you!! The fire burns you terribly!
The fire elemental misses you.
You are too injured to fight recklessly!
Unknown command.
You closely miss the fire elemental.
The fire elemental is almost destroyed.
The fire elemental misses you.
You are too injured to fight recklessly!
Unknown command.
You are too injured to fight recklessly!
You closely miss the fire elemental. You headbutt the fire elemental.
You destroy the fire elemental!
The fire elemental disappears in a puff of smoke!
The fire elemental hits you. The fire elemental burns you!
The fire burns you terribly!
* * * LOW HITPOINT WARNING * * *
The deep elf zephyrmancer hits you but does no damage.
You are too injured to fight recklessly!
You slice the deep elf zephyrmancer!! You headbutt the deep elf zephyrmancer.
The deep elf zephyrmancer is severely wounded.
The fire elemental hits you. The fire elemental burns you!
The fire burns you terribly!
* * * LOW HITPOINT WARNING * * *
The deep elf zephyrmancer hits you but does no damage.
The deep elf pyromancer casts a spell.
The deep elf pyromancer blinks!
The deep elf elementalist casts a spell.
The deep elf elementalist seems to speed up.
You slice the deep elf zephyrmancer!!
You kill the deep elf zephyrmancer!
The fire elemental hits you. The fire elemental burns you!
The fire burns you terribly!
You die...
Your body crumbles into a pile of gold.

#...........<.......
#............#.####
#................
###........#######
..#........#
#.####.###.######.
#..∩... #.e......
#.###.# #$####... #.
.. #@# .. .# #E# ...
§°e .. .(e.. .
.....$. .........
...e.......
##..^........


You could see a deep elf elementalist (fast, repels missiles), a deep elf archer
(repels missiles), 2 deep elf pyromancers and a fire elemental (summoned).

Vanquished Creatures
  An orc warlord (Orc:2)
  A deep elf death mage (Elf:1)
  A hydra (Lair:3)
  Erolcha (Orc:1)
  A two-headed ogre (Orc:2)
  A death yak (Lair:2)
  4 orc high priests
  Nergalle (Lair:2)
  2 skysharks (Lair:4)
  5 orc knights
  A deep elf archer (Elf:1)
  A harpy (Lair:3)
  A deep elf zephyrmancer (Elf:1)
  An ugly thing (D:10)
  4 orc sorcerers
  5 black mambas
  Joseph (D:8)
  A guardian serpent (shapeshifter) (D:9)
  5 elephants
  Psyche (D:10)
  A rime drake (Lair:3)
  13 cane toads
  7 komodo dragons
  A kobold demonologist (D:10)
  3 polar bears
  10 dream sheep
  15 blink frogs
  An air elemental (Elf:1)
  2 slime creatures (Lair:4)
  38 yaks
  3 wyverns
  A shadow (D:10)
  2 vampires (D:9)
  2 steam dragons
  3 basilisks
  Menkaure (D:6)
  A warg (D:9)
  20 water moccasins
  An acid dragon (D:9)
  An ice beast (D:8)
  3 black bears
  2 sky beasts
  24 orc warriors
  8 ogres
  3 centaurs
  19 wolves
  3 kobold brigands
  2 gnoll sergeants
  4 bullfrogs
  5 scorpions
  4 wights
  11 killer bees
  5 howler monkeys
  An electric eel (Lair:2)
  2 jellies
  4 hounds
  10 orc priests
  Terence (D:2)
  29 orc wizards
  2 sleepcaps
  Natasha (twice) (D:3)
  11 hell rats
  3 adders
  9 gnolls
  2 shadow imps
  3 white imps
  2 ufetubi (D:6)
  A worm (D:3)
  5 dart slugs
  77 orcs
  13 bats
  8 endoplasms
  4 giant cockroaches
  8 goblins
  5 hobgoblins
  9 jackals
  2 quokkas (D:1)
  5 ball pythons
  2 frilled lizards (D:1)
  11 kobolds
  3 rats
492 creatures vanquished.

Vanquished Creatures (collateral kills)
  An orc warrior (Orc:2)
  An orc priest (Orc:2)
  An orc (Orc:2)
3 creatures vanquished.

Vanquished Creatures (others)
  An orc priest (Orc:2)
1 creature vanquished.

Grand Total: 496 creatures vanquished

Notes
Turn   | Place    | Note
-------+----------+-------------------------------------------
     0 | D:1      | dialectric the Minotaur Fighter began the quest for the
                  | Orb.
     0 | D:1      | Reached XP level 1. HP: 19/19 MP: 0/0
   133 | D:1      | Reached XP level 2. HP: 26/27 MP: 1/1
   246 | D:1      | Reached skill level 4 in Armour
   591 | D:1      | Reached XP level 3. HP: 31/33 MP: 2/2
  1269 | D:2      | Noticed Terence
  1282 | D:2      | Killed Terence
  1283 | D:2      | Reached XP level 4. HP: 32/41 MP: 3/3
  1682 | D:3      | Found a faded altar of an unknown god.
  1716 | D:3      | Found Gozag's Platinum Reserve.
  1718 | D:3      | Found an opulent altar of Gozag.
  1782 | D:3      | Became a worshipper of Gozag Ym Sagoz the Greedy
  1829 | D:3      | You fall into a shaft and drop 1 floor!
  1973 | D:4      | Noticed a black bear
  1982 | D:4      | Killed a black bear
  1983 | D:4      | Reached skill level 5 in Armour
  1983 | D:4      | Reached skill level 1 in Dodging
  1983 | D:4      | Reached XP level 5. HP: 31/47 MP: 4/4
  2201 | D:4      | Found an ancient bone altar of Kikubaaqudgha.
  2737 | D:4      | Reached skill level 5 in Long Blades
  2737 | D:4      | Reached XP level 6. HP: 45/55 MP: 5/5
  2831 | D:3      | Noticed Natasha
  2853 | D:3      | Killed Natasha
  2889 | D:3      | Found a basalt altar of Yredelemnul.
  2890 | D:3      | Found a shimmering altar of Xom.
  3264 | D:3      | Found a bloodstained altar of Trog.
  3408 | D:3      | Noticed Natasha
  3421 | D:3      | Killed Natasha
  3422 | D:3      | Reached skill level 5 in Fighting
  3518 | D:5      | Entered Level 5 of the Dungeon
  3703 | D:5      | Reached skill level 1 in Short Blades
  3706 | D:5      | Reached XP level 7. HP: 61/61 MP: 6/6
  3807 | D:5      | Reached skill level 6 in Armour
  4146 | D:5      | Found a staircase to the Ecumenical Temple.
  4594 | D:6      | Reached XP level 8. HP: 40/70 MP: 7/7
  4702 | D:6      | Found a radiant altar of Vehumet.
  4707 | D:6      | Reached skill level 7 in Armour
  4904 | D:6      | Found a snail-covered altar of Cheibriados.
  5529 | D:6      | Reached skill level 8 in Armour
  5563 | D:7      | Reached skill level 5 in Dodging
  5950 | D:8      | Reached XP level 9. HP: 48/78 MP: 8/8
  6111 | D:7      | Reached skill level 5 in Short Blades
  6111 | D:7      | Reached skill level 9 in Armour
  6323 | D:8      | Noticed Joseph
  6362 | D:8      | Killed Joseph
  6368 | D:8      | Reached skill level 10 in Armour
  6590 | D:9      | Reached XP level 10. HP: 37/88 MP: 9/9
  6864 | D:9      | Found a staircase to the Orcish Mines.
  7247 | D:9      | Found a sparkling altar of Nemelex Xobeh.
  7253 | D:9      | Found a hazy altar of Hepliaklqana.
  7588 | D:9      | Noticed a guardian serpent
  7602 | D:9      | Killed a guardian serpent
  8229 | D:8      | Reached skill level 11 in Armour
  8455 | D:8      | Found a staircase to the Lair.
  8489 | D:8      | Found a broken altar of Ashenzari.
  8937 | D:10     | Entered Level 10 of the Dungeon
  9074 | D:6      | Noticed Menkaure
  9081 | D:6      | Killed Menkaure
  9097 | D:6      | Found Syfilujai's Self-Improvement Boutique.
  9107 | D:6      | Bought a manual of Armour for 1120 gold pieces
  9161 | D:6      | Found a burning altar of Makhleb.
  9466 | Gauntlet | Identified the "Bamomog"
  9466 | Orc:1    | Entered Level 1 of the Orcish Mines
  9499 | D:9      | Reached skill level 12 in Armour
  9507 | D:9      | Reached skill level 1 in Throwing
  9907 | Orc:2    | Entered Level 2 of the Orcish Mines
  9980 | Orc:2    | Noticed an orc sorcerer
  9998 | Orc:2    | Noticed a sixfirhy
 10147 | Orc:1    | Noticed Erolcha
 10163 | Orc:1    | Killed Erolcha
 10164 | Orc:1    | Reached XP level 11. HP: 64/97 MP: 10/10
 10321 | Orc:1    | Killed an orc sorcerer
 10322 | Orc:1    | Reached skill level 13 in Armour
 10353 | Orc:1    | Noticed an orc knight
 10419 | Orc:2    | Noticed an orc knight
 10486 | Orc:1    | Killed an orc knight
 10610 | Orc:2    | Noticed a two-headed ogre
 10623 | Orc:2    | Killed a two-headed ogre
 10749 | D:10     | Noticed Psyche
 11329 | D:10     | Reached skill level 10 in Fighting
 11525 | D:10     | Reached skill level 10 in Short Blades
 11579 | D:11     | Noticed a sun demon
 11794 | D:11     | Noticed a white ugly thing
 11798 | D:11     | Noticed a white ugly thing
 11798 | D:11     | Noticed a white ugly thing
 11798 | D:11     | Noticed a green ugly thing
 11798 | D:11     | Noticed a brown ugly thing
 11829 | D:10     | Killed a white ugly thing
 12165 | D:10     | Killed Psyche
 12223 | D:10     | Found Taimerurgh's General Store.
 12226 | D:10     | Bought a scroll of enchant armour for 112 gold pieces
 12481 | Orc:2    | Found a staircase to the Elven Halls.
 12496 | Orc:2    | Reached skill level 14 in Armour
 12536 | Orc:2    | Found Aotiax's Alliterative Armaments.
 12544 | Orc:2    | Bought a +3 scimitar of speed for 406 gold pieces
 12635 | Orc:2    | Noticed an orc knight
 12650 | Orc:2    | Noticed an orc warlord
 12754 | Orc:2    | Killed an orc knight
 13080 | Orc:2    | Noticed an orc high priest
 13319 | Orc:1    | Noticed a sun demon
 13324 | Orc:1    | Killed an orc high priest
 13358 | Orc:2    | Reached skill level 1 in Evocations
 13786 | Orc:1    | Killed an orc knight
 14083 | Lair:1   | Entered Level 1 of the Lair of Beasts
 14182 | Lair:1   | Reached XP level 12. HP: 69/102 MP: 11/11
 14354 | Lair:1   | Reached skill level 15 in Armour
 14925 | Lair:1   | Reached skill level 16 in Armour
 15560 | Lair:1   | Gained mutation: You are frail. (-10% HP) [potion of
                  | mutation]
 15858 | Lair:2   | Reached skill level 17 in Armour
 16247 | Lair:2   | Noticed Nergalle
 16311 | Lair:3   | Noticed a death yak
 16311 | Lair:3   | Noticed a death yak
 16311 | Lair:3   | Noticed a death yak
 16311 | Lair:3   | Noticed a death yak
 16660 | Lair:2   | Reached skill level 5 in Shields
 17009 | Lair:2   | Killed Nergalle
 17010 | Lair:2   | Reached skill level 18 in Armour
 17251 | Lair:3   | Noticed a seven-headed hydra
 17274 | Lair:3   | Killed a seven-headed hydra
 17514 | Lair:3   | Found a staircase to the Shoals.
 17561 | Lair:3   | Reached XP level 13. HP: 106/106 MP: 12/12
 17708 | Lair:3   | Found a hole to the Spider Nest.
 17711 | Lair:3   | Identified the ring of Okawaru's Castigation {rF- Will+
                  | EV+5 Str+6 Dex+2}
 18031 | Lair:4   | Reached skill level 19 in Armour
 19230 | Lair:5   | Entered Level 5 of the Lair of Beasts
 19680 | Lair:5   | Found a staircase to the Slime Pits.
 20194 | Orc:2    | Killed an orc warlord
 20986 | Orc:2    | Found Hidyxt's Antique Armour Shoppe.
 20987 | Orc:2    | Found Nuwnika's Antique Weapon Shoppe.
 20989 | Orc:2    | Found Asuliyt's General Store.
 20989 | Orc:2    | Found Dironop's Jewellery Emporium.
 20996 | Orc:2    | Bought a glowing cloak for 270 gold pieces
 21017 | Orc:2    | Bought a scroll of teleportation for 51 gold pieces
 21017 | Orc:2    | Bought the +9 great sword of Kismet {holy, MP+9} for 1404
                  | gold pieces
 21037 | Orc:2    | Reached XP level 14. HP: 104/116 MP: 13/13
 21280 | Shoals:4 | Identified the of Gayfac
 21280 | Desolati | Identified the "Mumuahoj"
 21280 | Crypt:3  | Identified the "Kelutz"
 21280 | Depths:2 | Identified the "Dekh"
 21280 | Depths:2 | Identified the of Yseappud
 21280 | Depths:2 | Identified the "Uleciykk"
 21280 | Depths:2 | Identified the of Hojodd
 21280 | Depths:2 | Identified the of Lioploo
 21280 | Depths:2 | Identified the "Rodutis"
 21280 | Elf:1    | Identified the "Hyacatzo"
 21280 | Elf:1    | Entered Level 1 of the Elven Halls
 21282 | Elf:1    | Found Mageh's Distillery.
 21308 | Elf:1    | Noticed a deep elf elementalist
 21315 | Elf:1    | Reached skill level 10 in Long Blades
 21320 | Elf:1    | Slain by a fire elemental

Illustrated notes

Levels and vault maps discovered:
D:1:      dpeg_arrival_castle, layout_loops_corners
D:2:      layout_rooms, uniq_terence
D:3:      layout_loops_ring, nicolae_gozag_zags_fifth_avenue,
          mainiacjoe_overflow_alcove_1,
          chequers_temple_overflow_statue_of_worship,
          hellmonk_ecumenical_altar_lost_god, uniq_natasha
D:4:      layout_loops_ring, kiku_gazebo_garden_becter
D:5:      layout_basic, temple_green, minmay_misc_feat_encased
D:6:      layout_gridville, nicolae_overflow_hidden_temple,
          general_overflow_altar, lemuel_crystal_altar,
          chequers_serial_rivers_micro_b, nicolae_shop_self_help, uniq_menkaure
D:7:      layout_basic, serial_bayou_pond_e
D:8:      layout_gridville, cheibrodos_ashenzari_chains, lair_entry_dummy,
          minmay_misc_feat_roman, uniq_joseph
D:9:      layout_grid_maze, nzn_hepliaklqana_mist_gate,
          nemelex_xobeh_ov_fountains_minmay, orc_0_dummy
D:10:     layout_irregular_city, serial_shops, shop_statue, uniq_psyche
D:11:     cheibrodos_breeding_chamber, layout_small_grid,
          gauntlet_entry_generic, grunt_decor_junction, grunt_qazlal_clouds
Lair:1:   layout_gridlike, grunt_megastairs_4
Lair:2:   layout_cave_pods, infiniplex_staircase_pool, uniq_nergalle
Lair:3:   layout_roguey, mainiacjoe_shoals_entry_four_pools,
          nicolae_spider_entry_orb_guardian, beast_lair_carwin_9,
          grunt_megastairs_5
Lair:4:   layout_regular_city, chequers_serial_rivers_large_a,
          small_statue_intersection, lemuel_fruit_fields
Lair:5:   cheibrodos_lair_end_hotspot, layout_misc_corridors,
          minmay_slime_entry_pillars
Orc:1:    layout_caves, basic_altar, uniq_erolcha
Orc:2:    st_orc_congregation, layout_diamond_mine, monkooky_shop_alliterative
Elf:1:    layout_loops_ring, serial_glass, glass_columns_a, glass_columns_a,
          glass_columns_a, glass_columns_a, glass_columns_a, glass_columns_c,
          feat_on_display, minmay_strange_pillars, serial_shops, shop,
          evilmike_minifort, nicolae_letterblocks [nicolae_letter_subblock,
          nicolae_letter_subblock, nicolae_letter_subblock,
          nicolae_letter_subblock, nicolae_letter_subblock,
          nicolae_letter_subblock, nicolae_letter_subblock,
          nicolae_letter_subblock, nicolae_letter_subblock,
          nicolae_letter_subblock, nicolae_letter_subblock,
          nicolae_letter_subblock, nicolae_letter_subblock,
          nicolae_letter_subblock, nicolae_letter_subblock,
          nicolae_letter_subblock, nicolae_letter_subblock,
          nicolae_letter_subblock, nicolae_letter_subblock,
          nicolae_letter_subblock, nicolae_letter_subblock,
          nicolae_letter_subblock, nicolae_letter_subblock,
          nicolae_letter_subblock, nicolae_letter_subblock]

Skill      XL: |  1  2  3  4  5  6  7  8  9 10 11 12 13 14 |
---------------+-------------------------------------------+-----
Fighting       | 4 5 6 7 9 11 12 13 | 13.3
Armour         | 4 5 6 8 10 12 14 18 19 | 19.4
Long Blades    | 3 4 5 6 7 9 10 | 10.1
Shields        | 4 6 8 |  8.2
Dodging        | 1 2 3 5 6 7 8 9 |  9.9
Short Blades   | 1 2 4 7 9 10 11 12 | 12.5
Throwing       | 1 |  1.3
Evocations     | 1 |  1.6
Unarmed Combat | |  0.2

Action                     |  1- 3 |  4- 6 |  7- 9 | 10-12 | 13-15 || total
---------------------------+-------+-------+-------+-------+-------++-------
  Melee: Long sword        |    92 |    95 |    19 |     8 |       ||   214
         Headbutt          |    16 |    25 |    61 |   345 |   149 ||   596
         Short sword       |       |    44 |   268 |  1185 |   330 ||  1827
         Punch             |       |     2 |     2 |    17 |     7 ||    28
         Scimitar          |       |       |       |    47 |   182 ||   229
         Unarmed           |       |       |       |     5 |       ||     5
         Great sword       |       |       |       |       |    26 ||    26
  Throw: Dart              |       |       |     1 |     3 |       ||     4
  Evoke: Wand              |       |       |       |    10 |       ||    10
    Use: Potion            |       |     2 |     3 |     7 |       ||    12
         Scroll            |       |       |     5 |    13 |     8 ||    26
   Stab: Distracted        |       |     1 |     1 |     4 |     2 ||     8
         Invisible         |       |       |     4 |     5 |       ||     9
 Armour: Scale mail        |    56 |   147 |    55 |       |       ||   258
         Chain mail        |       |       |   130 |   666 |   228 ||  1024
         Skin              |       |       |       |     4 |       ||     4
  Dodge: Dodged            |    54 |    86 |   122 |   498 |   436 ||  1196
  Block: Other             |       |     3 |    51 |   184 |   118 ||   356
         Reflection        |       |       |     1 |     5 |     1 ||     7

Table legend: (Time is in decaauts)
 A = Elapsed time spent in this place.
 B = Non-inter-level travel time spent in this place.
 C = Inter-level travel time spent in this place.
 D = Time resting spent in this place.
 E = Time spent auto-exploring this place.
 F = Levels seen in this place.
 G = Mean time per level.
                   A        B        C        D        E       F      G
               +--------+--------+--------+--------+--------+-----+--------+
         Total |  20551 |  19365 |   1186 |   1954 |  12573 |  19 | 1081.6 |
       Dungeon |  11249 |  10299 |    950 |    505 |   7518 |  11 | 1022.6 |
          Lair |   5581 |   5404 |    177 |    589 |   3518 |   5 | 1116.2 |
  Orcish Mines |   3679 |   3621 |     58 |    860 |   1537 |   2 | 1839.5 |
   Elven Halls |     40 |     40 |      0 |      0 |      0 |   1 |   40.0 |
               +--------+--------+--------+--------+--------+-----+--------+

Top non-repeatable levels by time:
     D:9: 2071 daAuts
   Orc:2: 2051 daAuts
  Lair:1: 1629 daAuts
   Orc:1: 1627 daAuts
  Lair:4: 1458 daAuts
     D:8: 1425 daAuts
  Lair:2: 1386 daAuts
    D:10: 1260 daAuts
     D:1: 1166 daAuts
     D:5: 1109 daAuts
     D:3: 982 daAuts
     D:4: 956 daAuts
     D:7: 877 daAuts
     D:6: 784 daAuts
  Lair:3: 731 daAuts
